Cogmind - Beta 9.6 @@@ ROGUE MODE // 2020.05.23 @ 15:25:54 Player: teroshan Result: Destroyed by G-47 Trooper with Particle Gun Performance ------------- Evolutions (0) 0 Regions Visited (1) 200 Robots Destroyed (15) 75 Value Destroyed (487) 487 Prototype IDs (0) 0 Alien Tech Used (0) 0 Bonus (0) 0 TOTAL SCORE: 762 Bonus ------- None Cogmind --------- Core Integrity 0/250 Matter 294/300 Energy 249/250 System Corruption 0% Temperature Cool (9) Movement Core (250) Ox4 Location -10/Materials Parts ------- > --- POWER (1) -------- Ion Engine > --- PROPULSION (2) --- (None) > --- UTILITY (2) ------ Small Storage Unit Improved Targeting Computer > --- WEAPON (2) ------- Small Laser Light Cannon > --- INVENTORY (6) ---- (None) Peak State ------------ > --- POWER ------------ Ion Engine > --- PROPULSION ------- Aluminum Leg Armored Wheel > --- UTILITY ---------- Small Storage Unit Improved Targeting Computer > --- WEAPON ----------- Heavy EM Pulse Gun Assault Rifle > --- INVENTORY -------- Light Treads Armored Wheel Improved Targeting Computer Light Assault Rifle [Rating: 10] Favorites ----------- Power Ion Engine Engine Ion Engine Propulsion Aluminum Leg Leg Aluminum Leg Wheel Armored Wheel Utility Small Storage Unit Storage Small Storage Unit Processor Improved Targeting Computer Weapon Assault Rifle Energy Gun Heavy EM Pulse Gun Ballistic Gun Assault Rifle Ballistic Cannon Light Cannon Build | -11 -10 ------- Run | Scr Mat Slots Evolved . | . . Power . | . . Propulsion . | . . Utility . | . . Weapon . | . . Parts Attached 25 | 8 17 Power 4 | 1 3 Engine 4 | 1 3 Core . | . . Reactor . | . . Propulsion 10 | 3 7 Treads . | . . Leg 6 | 2 4 Wheel 4 | 1 3 Hover . | . . Flight . | . . Utility 3 | 1 2 Device . | . . Storage 1 | 1 . Processor 2 | . 2 Hackware . | . . Protection . | . . Artifact . | . . Weapon 8 | 3 5 Energy Gun 3 | . 3 Energy Cannon . | . . Ballistic Gun 4 | 3 1 Ballistic Cannon 1 | . 1 Launcher . | . . Special Weapon . | . . Impact Weapon . | . . Slashing Weapon . | . . Piercing Weapon . | . . Special Melee Weapon . | . . Unidentified Prototypes . | . . Parts Lost 12 | . 12 Power 2 | . 2 Propulsion 5 | . 5 Utility 1 | . 1 Weapon 4 | . 4 Highest Loss Streak 12 | . 12 Average Slot Usage (%) 80 | . 80 Engine 11 | . 11 Leg 17 | . 17 Wheel 1 | . 1 Storage 14 | . 14 Processor 13 | . 13 Energy Gun 7 | . 7 Ballistic Gun 10 | . 10 Ballistic Cannon 3 | . 3 Naked Turns . | . . Heaviest Build 14 | 12 14 Greatest Support 20 | 20 20 Greatest Overweight (x) 4 | . 4 Average Overweight (x) . | . . Largest Inventory Capacity 6 | 6 6 Average Capacity 5 | 5 6 Most Carried 6 | 6 6 Average Carried 3 | 4 3 Final Capacity 6 | 6 6 Final Carried 6 | 6 . Class Distribution -------------------- 100% | Mutant Dominant Class ---------------- Mutant | -10/Materials Resources | -11 -10 ----------- Run | Scr Mat Matter Collected 525 | 218 307 Remotely . | . . Salvage Created 529 | . 529 Parts 34 | . 34 Haulers Intercepted . | . . Recyclers Shooed . | . . Parts Field Recycled . | . . Retrieved Matter . | . . Parts Self-Destructed . | . . Prevented . | . . Kills | -11 -10 ------- Run | Scr Mat Combat Hostiles Destroyed 14 | . 14 Guns 6 | . 6 Cannons 6 | . 6 AOE 2 | . 2 Classes Destroyed 3 | . 3 Mechanic 1 | . 1 Swarmer 2 | . 2 Grunt 12 | . 12 Best Kill Streak 4 | . 4 Combat Bots Only 4 | . 4 Max Kills in Single Turn 2 | . 2 Gunslinging 1 | . 1 Exploded 2 | . 2 Melee . | . . Uniques/NPCs Destroyed . | . . Combat | -11 -10 -------- Run | Scr Mat Damage Taken 1285 | . 1285 Core 257 | . 257 Absorbed by Shields . | . . Core Remaining (%) 100 | 100 . Volleys Fired 53 | . 53 Largest 2 | . 2 Hottest 65 | . 65 Shots Fired 73 | . 73 Gun 51 | . 51 Cannon 22 | . 22 Launcher . | . . Special . | . . Kinetic 50 | . 50 Thermal 3 | . 3 Explosive . | . . Electromagnetic 20 | . 20 Robot Hit Streak 10 | . 10 Robot Miss Streak 3 | . 3 Penetration Max . | . . Secondary Targets 2 | . 2 Max Gunslinging Chain 1 | . 1 Shots Hit Robots 55 | . 55 Core Hits 22 | . 22 Critical Hits 3 | . 3 Critical Kills 2 | . 2 Critical Parts Destroyed 1 | . 1 Melee Attacks . | . . Impact . | . . Slashing . | . . Piercing . | . . Sneak Attacks . | . . Combat Hostiles . | . . Follow-up Attacks . | . . Damage Inflicted 912 | . 912 Guns 466 | . 466 Cannons 325 | . 325 Explosions 110 | . 110 Melee . | . . Ramming 11 | . 11 Kinetic 527 | . 527 Thermal 143 | . 143 Explosive . | . . Electromagnetic 231 | . 231 Impact . | . . Slashing . | . . Piercing . | . . Highest Corruption . | . . Average Corruption . | . . Corruption Purged . | . . Overload Shots . | . . Overflow Damage . | . . Projectiles . | . . Explosions . | . . Melee . | . . Knockbacks 4 | . 4 Impact . | . . Kinetic 4 | . 4 Secondary . | . . Self-Inflicted Damage 4 | . 4 Shots . | . . Rammed 3 | . 3 Targets Rammed 3 | . 3 Kicked . | . . Crushed . | . . Highest Temperature 87 | . 87 Average Temperature 25 | . 25 Received Heat Transfer 561 | . 561 Siege Activations . | . . Robots Corrupted . | . . Combat Hostiles . | . . Parts Fried . | . . Impact Corruptions . | . . Robots Melted . | . . Combat Hostiles . | . . Parts Melted . | . . Heat Transferred 175 | . 175 Parts Sabotaged . | . . Parts Stolen . | . . Parts Stripped . | . . Power Chain Reactions 1 | . 1 Missiles Intercepted . | . . Alert | -11 -10 ------- Run | Scr Mat Peak Influence 287 | . 287 Average Influence 71 | . 103 Maximum Alert Level 1 | . 1 Low Security (%) 87 | 100 82 Level 1 12 | . 17 Level 2 . | . . Level 3 . | . . Level 4 . | . . Level 5 . | . . High Security . | . . Max Security . | . . Squads Dispatched 3 | . 3 Investigation 1 | . 1 Extermination . | . . Reinforcement 2 | . 2 Assault . | . . Garrison . | . . Intercept . | . . Construction Impeded . | . . Haulers Reinforced . | . . Stealth | -11 -10 --------- Run | Scr Mat Distress Signals 1 | . 1 Communications Jammed . | . . Distress Signals . | . . Times Spotted 29 | . 29 Peak Tracking Total 7 | . 7 Tactical Retreats 1 | . 1 Traps | -11 -10 ------- Run | Scr Mat Traps Triggered 1 | . 1 Indirectly . | . . Trap Hack Attempts . | . . Triggered . | . . Disarmed . | . . Reprogrammed . | . . Reused . | . . Traps Extracted . | . . Installed . | . . Triggered . | . . Machines | -11 -10 ---------- Run | Scr Mat Machines Disabled 2 | . 2 Max in Single Turn 1 | . 1 Machines Sabotaged . | . . Garrisons Compromised . | . . Overloaded Fab Kills . | . . Fab Network Shutdowns . | . . Hacking | -11 -10 --------- Run | Scr Mat Machines Accessed 1 | . 1 Terminals . | . . Fabricators . | . . Repair Stations 1 | . 1 Recycling Units . | . . Scanalyzers . | . . Garrison Access . | . . Total Hacks 3 | . 3 Successful 3 | . 3 Failed . | . . Catastrophic . | . . Database Lockouts . | . . Manual . | . . Terminals . | . . Fabricators . | . . Repair Stations 3 | . 3 Recycling Units . | . . Scanalyzers . | . . Garrison Access . | . . Terminal Hacks . | . . Fabricator Hacks . | . . Repair Station Hacks 3 | . 3 Scan Component 2 | . 2 Repair 1 | . 1 Recycling Unit Hacks . | . . Scanalyzer . | . . Garrison Access Hacks . | . . Unauthorized Hacks . | . . Terminals . | . . Fabricators . | . . Repair Stations . | . . Recycling Units . | . . Scanalyzers . | . . Garrison Access . | . . Data Cores Recovered . | . . Used . | . . Hacking Detections 1 | . 1 Full Trace Events 1 | . 1 Feedback Events . | . . Feedback Blocked . | . . Robot Schematics Acquired . | . . Robots Built . | . . Matter . | . . Time . | . . Total Robot Build Rating . | . . Part Schematics Acquired . | . . Parts Built . | . . Matter . | . . Time . | . . Total Part Build Rating . | . . Parts Repaired 1 | . 1 Time 26 | . 26 Parts Recycled . | . . Recycled Matter . | . . Retrieved Matter . | . . Retrieved Components . | . . Parts Scanalyzed . | . . Part Schematics Acquired . | . . Parts Damaged . | . . Bothacking | -11 -10 ------------ Run | Scr Mat Used RIF Installer . | . . Robots Hacked . | . . Non-combat . | . . Combat . | . . Robot Hacks Applied . | . . Relay Couplers Released . | . . Robots Rewired . | . . Allies Hacked . | . . Hacks Repelled . | . . Allies | -11 -10 -------- Run | Scr Mat Total Allies . | . . Largest Group . | . . Highest-Rated Group . | . . Highest-Rated Ally . | . . Total Orders . | . . Ally Attacks . | . . Total Damage . | . . Kills . | . . Allies Corrupted . | . . Allies Melted . | . . Intel | -11 -10 ------- Run | Scr Mat Robot Analysis Total . | . . Derelict Logs Recovered . | . . Drone Launches . | . . Drone Recoveries . | . . Exploration | -11 -10 ------------- Run | Scr Mat Turns Passed 609 | 186 423 Spaces Moved 357 | 153 204 Core 50 | 14 36 Treads . | . . Legs 266 | 129 137 Wheels 41 | 10 31 Hover . | . . Flight . | . . Fastest Speed 50 | 50 90 Average Speed 120 | 110 127 Slowest Speed 250 | 120 250 Overloaded Moves . | . . Propulsion Burnouts . | . . Robots Hopped . | . . Cave-ins Triggered . | . . Exploration Rate (%) 17 | 7 27 Regions Visited 1 Branch Regions . Pre-discovered Areas . | . . Known Exits Taken . | . . Unknown Exits Taken 1 | 1 . Scrap Searched . | . . Spaces Dug . | . . Terrain Destroyed 1 | . 1 Melee . | . . Projectile . | . . AOE 1 | . 1 Actions | -11 -10 --------- Run | Scr Mat Total 463 | 165 298 Wait 4 | . 4 Move 356 | 152 204 Hop . | . . Pick Up 11 | 4 7 Fast Attach 16 | 7 9 Attach 8 | . 8 Detach 3 | 1 2 Swap 1 | 1 . Drop 8 | . 8 Fire 53 | . 53 Melee . | . . Ram 3 | . 3 Kick . | . . Crush . | . . Escape Stasis . | . . Rewire . | . . Trap . | . . Miscellaneous . | . . Route ------- -11/Scrapyard -10/Materials (discovered 1 exit: [*Min]) History --------- Turn | Location | Event 56 | -11/Scrapyard | Discovered new exit (range 15) 187 | -11/Scrapyard | Entered Materials 301 | -10/Materials | Build established: Mutant 336 | -10/Materials | Repaired Ion Engine? 352 | -10/Materials | Discovered new exit (range 13) 491 | -10/Materials | Core integrity fell below 50% 521 | -10/Materials | Core integrity fell below 20% 556 | -10/Materials | Lost 12 parts (2p5n1u4w) 610 | -10/Materials | Destroyed by G-47 Trooper with Particle Gun Last Messages --------------- 00566_ M-13 Machinist destroyed. 00567_ K-01 Serf collects debris. 00569_ Acquired 31 matter. 00569_ K-01 Serf collects debris. 00572_ R-06 Scavenger collects Wheel. 00572_ G-34 Mercenary knocked back. 00573_ K-01 Serf collects debris. 00576_ R-06 Scavenger collects Lgt. Ion Engine. 00578_ G-34 Mercenary destroyed. 00579_ R-06 Scavenger collects Aluminum Leg. 00580_ G-34 Mercenary destroyed. 00581_ Acquired 40 matter. 00582_ R-06 Scavenger collects Aluminum Leg. 00582_ Acquired 19 matter. 00585_ Acquired Ion Engine. 00588_ Acquired Sml. Laser. 00590_ Acquired 31 matter. 00596_ R-06 Scavenger collects Heat Sink. 00601_ K-01 Serf collects debris. [Achievement: First Step to Greatness] Map ----- +----------------------------------------------------+ | | | | | | | | | ??????????????????#############??????????????????? | | ??????????????????# #??????????????????? | | ??????????????????# """ #??????????????????? | | ??????????????????# "R" """ #??????????????????? | | ??????????????????# " " """ #??????????????????? | | ########??????????# """ !#??????????????????? | | #= ]][[#??????????# #??????????????????? | | #= ]] [#??????????# ! #??????????????????? | | # #??????????######+######??????????????????? | | # ############### #????????????????????? | | ^ #????????????????????? | | #????????????????????? | | """" #????????????????????? | | # ########### """" #????????????????????? | | # # # """" #????????????????????? | | # ==[[# # #????????????????????? | | #!!==[[# # #????????????????????? | | ######## """ """ + !! #????????????????????? | | ???????# """ """ # !! #????????????????????? | | ???????# """ """ ## #????????????????????? | | ???????# ## ##########????????????? | | ???????# ## @ # #????????????? | | ???????#######+#### "" " k# """ #????????????? | | ???????????###%#### """" # """ #????????????? | | ???????????# ## """" # """ #????????????? | | ???????????# % r # ##???????????? | | ???????""" + % + """ T#???????????? | | ????????"" # % % % # """ ##???????????? | | ?????? """ # % ####### # """ #????????????? | | ???????"""?## ###????# # #????????????? | | ?????? ???# #??????# ##"T"#####????????????? | | ??????? ????# #??????# g######????????????????? | | ??????#?????# #??????# g#?????????????????????? | | ????????????# #??????# a #?????????????????????? | | ???????????? "??????# #?????????????????????? | | ???????????# ??????# ?????????????????????? | | ???????????# ??????# ?????????????????????? | | ???????????# < ??????# ?????????????????????? | | ???????????# ??????#####?????????????????????? | | ???????????# ????????????????????????????????? | | ???????????# ?????????????????????????????????? | | ????????????? ?????????????????????????????????? | | ?????????????????????????????????????????????????? | | ?????????????????????????????????????????????????? | | ?????????????????????????????????????????????????? | | ?????????????????????????????????????????????????? | +----------------------------------------------------+ Best States ------------- Heat Dissipation 25 Energy Generation 10 Energy Capacity 250 Matter Stores 294 Matter Capacity 300 Sight Range 16 Terrain Scan Density 10 Evasion (%) 50 Targeting Accuracy 6 Item Schematics ----------------- None Robot Schematics ------------------ None Fabricated ------------ Nothing Alien Tech Used ----------------- None Achievements -------------- Crack Shot First Step to Greatness One Hack Too Far Part-time Mechanic Challenges ------------ None Game ------ Seed CoolantNeutronDisintegrator Manual? 0 Play Time 00:21:18 Cumulative 0.6 hours Start 2020.05.23 @ 14:49:54 End 2020.05.23 @ 15:25:54 Sessions 1 Manual Loads 0 Difficulty Rogue Special Mode None Game No. 4 Rogue 4 Adventurer 0 Explorer 0 Win Type - Total 0 Types 0/0/0/0/0/0/0 Lore% 0 Gallery% 1 Achievement% 2 Wizard Run 0 Options --------- ASCII 1 Keyboard 1 Movement Vi Keybinds 0 Fullscreen 2 Font 12/Terminus Map View 76x50 Tactical HUD 1 Map Filters NONE Filters NONE Steam 1 RUN: 56004e8e-94a3-4481-8769-9cd2021177b4